 Dungeon Crawl Stone Soup version 0.24.0-123-gd5b16e6ec5 (webtiles) character file.

Game seed: 3046051130325577030, levelgen mode: deterministic

32 vurker the Chiller (level 3, -3/15 HPs)
             Began as a Felid Ice Elementalist on Jan 28, 2020.
             Slain by a goblin (5 damage)
             ... led by Robin
             ... on level 2 of the Dungeon.
             The game lasted 00:02:08 (1853 turns).

vurker the Chiller (Felid Ice Elementalist)         Turns: 1853, Time: 00:02:09

Health: -3/15      AC:  1    Str:  4    XL:     3   Next: 10%
Magic:  1/7        EV: 18    Int: 17    God:
Gold:   71         SH:  0    Dex: 16    Spells: 4/7 levels left
                                        Lives:  0   Deaths: 0

rFire    + . .     SeeInvis +   (weapon unavailable)
rCold    . . .     Gourm    .   (shield unavailable)
rNeg     . . .     Faith    .   (armour unavailable)
rPois    .         Spirit   .   (helmet unavailable)
rElec    .         Reflect  .   (cloak unavailable)
rCorr    .         Harm     .   (gloves unavailable)
MR       .....                  (boots unavailable)
Stlth    +++.......             (no amulet)
HPRegen  0.05/turn              i - ring of flight
MPRegen  0.10/turn              j - ring of protection from fire

@: very slightly contaminated, quick
A: very small, no armour, no weapons or thrown items, stealth, claws 1, fangs 3,
see invisible, carnivore, speed 1, shaggy fur 1, slow metabolism 1, sharp paws
a: Evoke Flight


You were on level 2 of the Dungeon.
You were very full.

You visited 1 branch of the dungeon, and saw 2 of its levels.

You collected 71 gold pieces.

Inventory:

Jewellery
 i - a ring of flight (left paw)
   (You found it on level 2 of the Dungeon)
 j - a ring of protection from fire (right paw)
   (You found it on level 2 of the Dungeon)
Scrolls
 b - a scroll of remove curse {unknown}
 c - 3 scrolls of identify {unknown}
 d - a scroll of amnesia {unknown}
Potions
 a - a potion of resistance {unknown}
 f - 2 potions of lignification {unknown}
 g - a potion of heal wounds {unknown}
Comestibles
 e - 3 rations
 h - a chunk of flesh


   Skills:
 + Level 1.0 Fighting
 - Level 2.6 Dodging
 - Level 2.6 Stealth
 * Level 2.5 Spellcasting
 * Level 1.1 Conjurations
 * Level 3.1 Ice Magic


You had 4 spell levels left.
You knew the following spells:

 Your Spells              Type           Power        Failure   Level  Hunger
a - Freeze                Ice            ##..         4%          1    #......
b - Throw Frost           Conj/Ice       #.....       12%         2    ##.....

Your spell library contained the following spells:

 Spells                   Type           Power        Failure   Level  Hunger
 Ozocubu's Armour         Chrm/Ice       #.......     28%         3    ###....
 Throw Icicle             Conj/Ice       #.......     58%         4    #####..
 Summon Ice Beast         Ice/Summ       #.......     67%         4    #####..


Dungeon Overview and Level Annotations

Branches:
Dungeon (2/15)

Altars:

Annotations:
D:2 Robin


Innate Abilities, Weirdness & Mutations

You cannot wear armour.
You are incapable of wielding weapons or throwing items.
Your paws allow you to move quietly. (Stealth)
You have sharp claws.
You have razor-sharp teeth.
You have supernaturally acute eyesight. (SInv)
You are carnivorous and can eat meat at any time.
You cover ground quickly.
You are covered in fur. (AC +1)
You have a slow metabolism.
Your sharp claws are effective at attacking unaware monsters.


Message History

Okay, then.
You can't see any susceptible monsters within range! (Use Z to cast anyway.)
The goblin barely misses you.
Aim: a goblin, wielding a +0 dagger You freeze the goblin.
You kill the goblin!
The goblin shouts!
You can't see any susceptible monsters within range! (Use Z to cast anyway.)
The goblin is too close now for your liking.
Aim: a goblin, wielding a +2 antimagic dagger You freeze the goblin.
The goblin misses you.
Aim: a goblin, wielding a +2 antimagic dagger (heavily wounded)
You freeze the goblin.
You kill the goblin!
Aim: a goblin You freeze the goblin!
You kill the goblin!
Your Fighting skill increases to level 1!
Robin is too close now for your liking.
You can't see any susceptible monsters within range! (Use Z to cast anyway.)
You can't see any susceptible monsters within range! (Use Z to cast anyway.) 3 goblins come into view.
The goblin shouts!
Things that are here:
a +2 antimagic dagger; a goblin corpse
Aim: Robin, wielding a +0 mace, wearing a +0 animal skin and wearing a +0 helmet You freeze Robin!
The goblin shouts!
Robin completely misses you.
Aim: Robin, wielding a +0 mace, wearing a +0 animal skin and wearing a +0 helmet (heavily wounded)
You miscast Freeze.
You are very lightly contaminated with residual magic.
Nothing appears to happen.
Robin throws the goblin at you! The goblin misses you.
Aim: Robin, wielding a +0 mace, wearing a +0 animal skin and wearing a +0 helmet (heavily wounded)
You freeze Robin. The goblin closely misses you.
Aim: Robin, wielding a +0 mace, wearing a +0 animal skin and wearing a +0 helmet (severely wounded)
You freeze Robin.
Robin roars a battlecry!
The goblins go into a battle-frenzy!
The goblin misses you.
You don't have enough magic to cast that spell.
You barely miss Robin. Robin completely misses you. The goblin hits you.
You barely miss Robin. The goblin hits you. The goblin completely misses you.
Robin hits you with a +0 mace!
* * * LOW HITPOINT WARNING * * *
Things that are here:
a +0 dagger; a goblin corpse You barely miss Robin.
The goblin completely misses you. The goblin hits you.
You die...

.# #.# #.............# .#
#.# #.##########.## .# #.#
#.# #.# .# #.# #.# #.#
.#####.# #.# #.# .....#.#
#.# #.# ####.#.#
#.##########.# .......#
#.#gg..[.....#
####.#########.#@##########
.....#.........#g#
.#####.#########g#
.#####.........#.#
...........###.#.#
#######....# #.#.#
......'.>..# #.#.#
.######....# #.#.# #....#
#.#.#


You could see Robin and 3 goblins.

Vanquished Creatures
  A dart slug (D:1)
  A ball python (D:1)
  A giant cockroach (D:2)
  4 goblins
  2 hobgoblins (D:1)
  8 jackals
  2 bats (D:1)
  4 frilled lizards
  2 kobolds (D:1)
  2 rats (D:1)
27 creatures vanquished.

Notes
Turn   | Place    | Note
-------+----------+-------------------------------------------
     0 | D:1      | vurker the Felid Ice Elementalist began the quest for the
                  | Orb.
     0 | D:1      | Reached XP level 1. HP: 7/7 MP: 4/4
   611 | D:1      | Reached XP level 2. HP: 7/12 MP: 4/6
   742 | D:1      | Reached skill level 3 in Ice Magic
   769 | D:1      | Learned a level 2 spell: Throw Frost
  1016 | D:1      | Reached skill level 1 in Conjurations
  1626 | D:2      | Reached XP level 3. HP: 15/15 MP: 7/7
  1822 | D:2      | Noticed Robin
  1840 | D:2      | Reached skill level 1 in Fighting
  1853 | D:2      | Slain by a goblin

Levels and vault maps discovered:
D:1:      dpeg_arrival_long_road, layout_basic
D:2:      layout_basic, serial_bayou_pond_b, hangedman_glass_teeth, uniq_robin,
          uniq_natasha

Skill      XL: |  1  2  3 |
---------------+----------+-----
Ice Magic      | 3 |  3.1
Conjurations   | 1 |  1.1
Fighting       | 1 |  1.0
Dodging        | |  2.6
Stealth        | |  2.6
Spellcasting   | |  2.5

Action                   || total
-------------------------++-------
Melee: Unarmed           ||    41
       Bite              ||     1
 Cast: Freeze            ||    44
 Stab: Distracted        ||     1
  Eat: Chunk             ||     9
Armor: Skin              ||     2
Dodge: Dodged            ||    65
